Map: New Gettysburg LE

Players

Gracz

  • Race: Terran Terran
  • League: Silver

robilildude - Winner!

  • Race: Protoss Protoss

VOD

Have the link to the VOD?

Description

Time

  • Played on: Oct. 9, 2016, 12:13 p.m.
  • Length: 5:44
Show
View Real Time Build Order
Export as new Build Order

Gracz Terran 

Build Orders:  

Get SALT Encoding   

  12  0:02  SCV  
  13  0:16  Supply Depot  
  13  0:19  SCV  
  14  0:31  SCV  
  15  0:40  Barracks  
  15  0:43  SCV  
  16  0:55  SCV  
  17  1:07  SCV  
  18  1:19  SCV  
  19  1:32  Command Center  
  19  1:35  Barracks  
  19  1:44  Refinery, SCV  
  20  1:56  SCV  
  21  2:14  SCV  
  22  2:20  Refinery  
  22  2:26  SCV  
  23  2:31  Engineering Bay  
  23  2:44  Barracks Reactor  
  23  2:45  Supply Depot  
  23  2:54  Barracks Tech Lab  
  22  3:14  Marine  
  23  3:27  Orbital Command  
  22  3:55  Marine x3  
  24  4:05  Orbital Command  
  24  4:09  SCV  
  25  4:22  SCV  
  24  4:37  Reaper x3  
  19  5:40  Refinery  
  19  5:42  Refinery  
Show
View Real Time Build Order
Export as new Build Order

robilildude Protoss - Winner!

Build Orders:  

Get SALT Encoding   

  12  0:20  Pylon  
  12  0:29  Pylon  
  12  0:42  Gateway  
  12  0:49  Assimilator  
  12  0:52  Probe (Chrono Boost)  
  13  1:03  Probe (Chrono Boost)  
  14  1:13  Probe (Chrono Boost)  
  15  1:24  Probe (Chrono Boost)  
  16  1:31  Cybernetics Core  
  16  1:34  Probe (Chrono Boost)  
  16  1:35  Pylon  
  17  1:40  Zealot  
  19  1:48  Assimilator  
  19  2:02  Gateway  
  19  2:17  Adept  
  21  2:25  Warp Gate  
  21  2:44  Adept, Nexus  
  21  2:48  Probe (Chrono Boost)  
  24  3:36  Adept  
  24  3:37  Adept  
  28  4:02  Probe (Chrono Boost)  
  29  4:03  Adept  
  29  4:04  Adept  
  33  4:10  Pylon  
  33  4:12  Probe (Chrono Boost)  
  34  4:23  Probe (Chrono Boost)  
  29  5:33  Forge, Probe (Chrono Boost)  
  29  5:34  Probe (Chrono Boost)  
  31  5:40  Pylon  
Tags
 
Add a new tag
Caveats
  • Supply blocks, unpowered buildings, or Contaminate may cause inaccurate times.
  • Supply counts are checked every 10 seconds.